 Dungeon Crawl Stone Soup version 0.27.0-66-gdc8fb28755 (webtiles) character file.

Game seed: 759293358502156991

35 safid the Skirmisher (level 3, 0/31 HPs)
             Began as a Hill Orc Wanderer on Aug 20, 2021.
             Slain by a bat (1 damage)
             ... on level 1 of the Dungeon on Aug 21, 2021.
             The game lasted 00:01:59 (1187 turns).

safid the Skirmisher (Hill Orc Wanderer)            Turns: 1187, Time: 00:02:00

Health: 0/31       AC:  2    Str: 13    XL:     3   Next: 33%
Magic:  4/4        EV: 11    Int: 13    God:
Gold:   0          SH:  0    Dex: 11    Spells: 3/4 levels left

rFire    . . .     SeeInvis .   a - +0 quarterstaff
rCold    . . .     Faith    .   (shield currently unavailable)
rNeg     . . .     Spirit   .   c - +0 robe
rPois    .         Reflect  .   (no helmet)
rElec    .         Harm     .   (no cloak)
rCorr    .         Rampage  .   (no gloves)
Will     .....                  (no boots)
Stlth    +.........             (no amulet)
HPRegen  0.10/turn              (no ring)
MPRegen  0.09/turn              (no ring)

@: no status effects
A: no striking features
a: no special abilities


You were on level 1 of the Dungeon.
You visited 1 branch of the dungeon, and saw 1 of its levels.

Inventory:

Hand Weapons
 a - a +0 quarterstaff (weapon)
Armour
 c - a +0 robe (worn)
Jewellery
 f - a +6 ring of dexterity
Scrolls
 b - a scroll of summoning {unknown}
 d - a scroll of holy word {unknown}
 g - a scroll of fog {unknown}
Potions
 e - a potion of cancellation {unknown}


   Skills:
 + Level 3.3 Fighting
 + Level 2.4 Staves
 + Level 0.3 Dodging
 + Level 1.0 Stealth
 + Level 1.1 Spellcasting
 + Level 2.0 Necromancy
 + Level 2.0 Evocations


You had 3 spell levels left.
You knew the following spells:

 Your Spells              Type           Power      Damage    Failure   Level
a - Magic Dart            Conj           0%         1d3       28%         1

Your spell library contained the following spells:

 Spells                   Type           Power      Damage    Failure   Level
 Blink                    Tloc           N/A        N/A       38%         2
 Call Imp                 Summ           0%         N/A       38%         2
 Slow                     Hex            0%         N/A       38%         2
 Conjure Flame            Conj/Fire      0%         6-21      63%         3
 Mephitic Cloud           Conj/Pois/Air  0%         N/A       63%         3


Dungeon Overview and Level Annotations

Branches:
Dungeon (1/15)

Altars:


Message History

The bat hits you. The jackal bites you.
A rat comes into view.
The jackal bites you but does no damage.
You closely miss the jackal. The bat hits you. The jackal barely misses you.
The jackal bites you but does no damage.
The jackal bites you. The jackal closely misses you.
You barely miss the jackal. The bat hits you but does no damage.
The jackal bites you. The jackal barely misses you.
You are too injured to fight recklessly!
You are too injured to fight recklessly!
You are too injured to fight recklessly!
You are too injured to fight recklessly!
You are too injured to fight recklessly!
You closely miss the jackal. The bat hits you but does no damage.
The jackal barely misses you. The jackal bites you.
The jackal bites you but does no damage.
The jackal bites you.
You barely miss the jackal. The bat barely misses you. The jackal bites you. x2
* * * LOW HITPOINT WARNING * * *
You hit the jackal.
The jackal is heavily wounded.
The bat misses you. The jackal barely misses you. The jackal bites you.
* * * LOW HITPOINT WARNING * * *
The bat barely misses you.
The jackal bites you but does no damage.
The jackal bites you.
* * * LOW HITPOINT WARNING * * *
You sock the jackal!
You kill the jackal!
The bat hits you but does no damage. The jackal bites you.
* * * LOW HITPOINT WARNING * * *
The rat bites you but does no damage. The jackal closely misses you.
You sock the jackal!
You kill the jackal!
The bat barely misses you. The rat bites you.
* * * LOW HITPOINT WARNING * * *
The bat closely misses you. The rat barely misses you.
Unknown command.
The bat hits you.
You die...

#...)...≈≈≈≈≈...#.#.
#.......≈≈≈≈≈..(#)#.
#......≈≈≈≈≈≈.....#.
#........≈≈P≈...#...
#########.≈≈≈≈≈.......
#..........≈≈≈...##.##
#.........≈≈≈≈......##
#.........PP≈P≈.....#.
#....@br.≈.≈≈≈≈....##.
#.........≈≈≈≈≈.......
#........≈≈≈≈≈P.#.####
#........≈≈≈≈P≈...
#........≈≈≈≈≈..
#.........≈≈≈≈.
#........≈≈≈P.
#........≈≈≈P


You could see a bat and a rat.

Vanquished Creatures
  A dart slug (D:1)
  3 ball pythons (D:1)
  An endoplasm (D:1)
  A giant cockroach (D:1)
  3 goblins (D:1)
  4 hobgoblins (D:1)
  4 jackals (D:1)
  2 quokkas (D:1)
  3 bats (D:1)
  A frilled lizard (D:1)
  2 kobolds (D:1)
  2 rats (D:1)
27 creatures vanquished.

Vanquished Creatures (others)
  5 plants (D:1)
5 creatures vanquished.

Grand Total: 32 creatures vanquished

Notes
Turn   | Place    | Note
-------+----------+-------------------------------------------
     0 | D:1      | safid the Hill Orc Wanderer began the quest for the Orb.
     0 | D:1      | safid set off with the following items: a +0 quarterstaff,
                  | a potion of curing, a +0 robe; and the following spell
                  | memorised: Magic Dart; and the following spells available
                  | to memorise: Blink, Call Imp, Slow, Conjure Flame, Mephitic
                  | Cloud
     0 | D:1      | Reached XP level 1. HP: 18/18 MP: 2/2
   219 | D:1      | Reached skill level 3 in Fighting
   219 | D:1      | Reached XP level 2. HP: 22/26 MP: 3/3
   930 | D:1      | Reached XP level 3. HP: 30/31 MP: 4/4
  1185 | D:1      | HP: 1/31 [jackal (3)]
  1187 | D:1      | Slain by a bat

Illustrated notes

Levels and vault maps discovered:
D:1:      zelgadis_glass_arrival_small, layout_basic, chequers_big_river,
          minmay_misc_feat_encased

Skill      XL: |  1  2 |
---------------+-------+-----
Fighting       | 3 |  3.3
Staves         | 2 |  2.4
Dodging        | |  0.3
Stealth        | |  1.0
Spellcasting   | |  1.1
Necromancy     | |  2.0
Evocations     | |  2.0

Action                   || total
-------------------------++-------
Melee: Quarterstaff      ||    85
  Use: Potion            ||     1
 Stab: Sleeping          ||     2
Armor: Robe              ||    35
Dodge: Dodged            ||    75
